 Dungeon Crawl Stone Soup version bcrawl-1.40.3b (webtiles) character file.

Game seed: 4681125317348397481

531449 foxfromabyss the Stormcaller (level 18, -6/120 HPs)
             Began as a Fairy Air Elementalist on Dec 3, 2023.
             Was the Champion of Vehumet.
             Killed by an exploding ball lightning (8 damage)
             ... created by the player character
             ... on level 3 of the Shoals.
             The game lasted 01:06:14 (32199 turns).

foxfromabyss the Stormcaller (FrAE)                Turns: 32199, Time: 01:06:15

Health: -6/120     AC: 14    Str:  6    XL:     18   Next: 44%
Magic:  36/36      EV: 27    Int: 25    God:    Vehumet [******]
Gold:   2127       SH:  9    Dex: 17    Spells: 1/41 levels left

rFire    + . .     GDR:     28% g - staff of wizardry
rCold    + + .     SeeInvis +   (shield currently unavailable)
rNeg     . . .     Gourm    .   (armour unavailable)
rPois    .         Faith    .   F - +1 hat {MR+}
rElec    +         Spirit   .   W - scarf {rC+ rF+}
rCorr    .         Reflect  .   v - +2 pair of gloves
MR       ++...                  R - +0 pair of boots {Stlth++}
Stlth    +++.......             V - amulet of magic regeneration
HPRegen  0.30/turn              m - ring "Qouxytad" {+Fly rElec rC+ Stlth++}
MPRegen  0.63/turn              u - ring of see invisible

@: flying evasively, mesmerised
A: small, magic attunement, unstealthy, unfitting armour, fangs 1, agile 1,
MP-powered wands, able to fly, AC/SH +9
a: Stop Flying, Renounce Religion


You were on level 3 of the Shoals.
You worshipped Vehumet.
Vehumet was exalted by your worship.
You were very hungry.

You visited 6 branches of the dungeon, and saw 26 of its levels.

You collected 3687 gold pieces.
You spent 1560 gold pieces at shops.

Inventory:

Hand Weapons
 Q - a +2 short sword of electrocution
Missiles
 D - 9 throwing nets {=f}
Armour
 a - a +2 buckler of positive energy
 v - a +2 pair of gloves (worn)
 F - a +1 hat of magic resistance (worn)
 R - a +0 pair of boots of stealth (worn)
 W - a scarf of resistance (worn)
Magical Staves
 g - an uncursed staff of wizardry (weapon)
Jewellery
 h - an uncursed ring of poison resistance
 m - the ring "Qouxytad" (left hand) {+Fly rElec rC+ Stlth++}
   (You bought it in a shop on level 8 of the Dungeon)

   [ring of stealth]

   It protects you from cold.
   It insulates you from electricity.
   It lets you fly.
   It makes you much more stealthy.
 u - a ring of see invisible (right hand)
 K - the brooch of Shielding {Reflect SH+8}
   (You found it on level 2 of the Shoals)

   [amulet of reflection]

   It shields you and reflects attacks.
   It affects your SH (+8).
 V - an amulet of magic regeneration (around neck)
 Y - an uncursed ring of protection from fire
Wands
 d - a wand of digging (22)
 j - a wand of iceblast (16)
 l - a wand of scattershot (5)
 n - a wand of acid (7)
 Z - a wand of flame (13)
Scrolls
 i - 7 scrolls of identify
 o - 8 scrolls of enchant weapon
 t - 11 scrolls of teleportation
 y - 3 scrolls of revelation
 z - 2 scrolls of amnesia
 A - a scroll of vulnerability {unknown}
 C - 7 scrolls of remove curse
 H - a scroll of silence
 I - 4 scrolls of blinking
 L - a scroll of summoning
 N - 4 scrolls of fog
 U - a scroll of enchant armour
 X - 5 scrolls of fear
Potions
 b - 7 potions of flight
 c - 2 potions of resistance
 f - 4 potions of brilliance
 s - 5 potions of might
 w - a potion of invisibility
 x - 2 potions of magic
 B - 3 potions of cancellation
 G - a potion of haste
 J - 4 potions of ambrosia
 M - 2 potions of agility
 O - 3 potions of berserk rage
Miscellaneous
 r - a lamp of fire
 E - a fan of gales (2/2)
 P - a lightning rod (4/4)
 S - a sack of spiders
 T - a box of beasts
Comestibles
 e - 34 rations {!d}


   Skills:
 - Level 10.0 Fighting
 - Level 12.3 Dodging
 - Level 1.6 Stealth
 - Level 10.0 Shields
 - Level 12.0 Spellcasting
 - Level 16.0 Conjurations
 - Level 1.0 Charms
 + Level 13.1 Translocations
 + Level 20.2 Air Magic
 - Level 7.0 Earth Magic
 - Level 7.1 Evocations


You had one spell level left.
You knew the following spells:

 Your Spells              Type           Power        Failure   Level  Hunger
a - Static Discharge      Air            ######       0%          1    None
b - Shock                 Conj/Air       #######      0%          2    None
c - Swiftness             Chrm/Air       ######..     1%          2    None
d - Conjure Ball Lightni  Conj/Air       #######...   1%          6    None
e - Lightning Bolt        Conj/Air       #######.     0%          4    None
f - Airstrike             Air            #######...   0%          4    None
g - Irradiate             Conj/Tmut      ######....   1%          5    None
h - Iron Shot             Conj/Erth      ######....   1%          6    None
i - Tornado               Tloc/Air       #######...   3%          8    None
j - Blink                 Tloc           N/A          1%          2    None

Your spell library contained the following spells:

 Spells                   Type           Power        Failure   Level  Hunger
 Mana Rupture             Conj/Hex       ######....   13%         7    None
 Apportation              Tloc           ######       0%          1    None
 Blink Other              Tloc           ######       0%          1    None
 Magic Dart               Conj           ####         0%          1    None
 Beastly Appendage        Tmut           ###...       1%          1    None
 Corona                   Hex            ###....      1%          1    None
 Infusion                 Chrm           ###.....     1%          1    None
 Sandblast                Erth           ######       1%          1    None
 Slow                     Hex            ###.....     1%          1    None
 Sting                    Conj/Pois      ####         1%          1    None
 Summon Butterflies       Summ           ###.....     1%          1    None
 Summon Small Mammal      Summ           ###.         1%          1    None
 Searing Ray              Conj           #######.     0%          2    None
 Iskenderun's Mystic Bla  Conj           #######.     0%          3    None
 Flaming Arrows           Chrm/Fire      ###.....     1%          2    None
 Passwall                 Tmut/Erth      ####....     1%          2    None
 Throw Frost              Conj/Ice       ######       1%          2    None
 Conjure Flame            Conj/Fire      ######..     1%          3    None
 Mephitic Cloud           Conj/Pois/Air  ######..     1%          3    None
 Fulminant Prism          Conj/Hex       ######....   1%          4    None
 Throw Icicle             Conj/Ice       ######..     1%          4    None
 Bolt of Draining         Conj/Necr      ######....   1%          5    None
 Bolt of Magma            Conj/Fire/Erth ######....   1%          5    None
 Fireball                 Conj/Fire      ######....   1%          5    None
 Iskenderun's Battlesphe  Conj/Chrm      ######..     1%          5    None
 Passage of Golubria      Tloc           N/A          1%          5    None
 Silence                  Hex/Air        ######....   1%          5    None
 Summon Lightning Spire   Summ/Air       ######..     1%          5    None
 Call Imp                 Summ           ###...       2%          2    None
 Corpse Rot               Necr           N/A          2%          2    None
 Sublimation of Blood     Necr           ###.......   2%          2    None
 Bolt of Cold             Conj/Ice       ######....   2%          6    None
 Bolt of Fire             Conj/Fire      ######....   2%          6    None
 Poison Arrow             Conj/Pois      ######....   2%          6    None
 Deflect Missiles         Chrm/Air       ######....   3%          6    None
 Call Canine Familiar     Summ           ###.....     4%          3    None
 Spider Form              Tmut/Pois      ###          4%          3    None
 Petrify                  Tmut/Erth      ####......   4%          4    None
 Icicle Burst             Conj/Ice       ######....   13%         7    None
 Agony                    Necr           ###.....     16%         4    None
 Summon Ice Beast         Ice/Summ       ###.....     16%         4    None
 Steam Barrier            Chrm/Fire      ###.......   32%         5    None
 Summon Mana Viper        Hex/Summ       ###.....     38%         5    None
 Spellforged Servitor     Conj/Summ      ######....   43%         7    None
 Borgnjor's Vile Clutch   Necr/Erth      ####......   47%         6    None
 Statue Form              Tmut/Erth      ####.....    47%         6    None
 Malign Gateway           Summ/Tloc      #####.....   65%         7    None
 Death Channel            Chrm/Necr      ###.......   86%         6    None
 Time Stop                Chrm/Tloc      N/A          99%         8    None
 Haunt                    Necr/Summ      ###.......   100%        7    None
 Monstrous Menagerie      Summ           ###.......   100%        7    None
 Scorpion Form            Tmut/Pois      ###.......   100%        7    None
 Shadow Creatures         Summ           N/A          100%        7    None
 Summon Fire Elementals   Fire/Summ      ###......    100%        7    None
 Summon Greater Demon     Summ           ###.......   100%        7    None
 Ignition                 Hex/Fire       ###.......   100%        8    None
 Summon Horrible Things   Summ           ###.......   100%        8    None
 Shatter                  Erth           ######....   100%        9    None


Dungeon Overview and Level Annotations

Branches:
Dungeon (12/12)            Temple (1/1) D:4            Lair (6/6) D:8
 Shoals (3/3) Lair:2        Snake (0/3) Lair:2        Slime (0/5) Orc
    Orc (1/1) D:9             Elf (3/3) Lair:5       Vaults (0/3) D:11
 Depths (0/5) D:12

Altars:
Ashenzari
Cheibriados
Dithmenos
Elyvilon
Fedhas
Gozag
Hepliaklqana
Kikubaaqudgha
Lugonu
Makhleb
Nemelex Xobeh
Okawaru
Qazlal
Ru
Sif Muna
Trog
Uskayaw
Vehumet
Wu Jian
Xom
Yredelemnul
Zin
The Shining One
Jiyva

Shops:
D:4 [   D:8 *   Orc *([:   Elf:2 :

Annotations:
Elf:2 3 runed doors


Innate Abilities, Weirdness & Mutations

Your spells do not cause hunger and MP costs are reduced by 1.
Your bright wings attract enemies. (Stealth-)
You cannot fit into any form of body armour.
Your shimmering scales are hard and can block incoming attacks. (AC +9, SH +9)
You are small and have problems with some larger weapons.
You can fly continuously.
You have very sharp teeth.
You are agile. (Dex +2)
You expend magic power (3 MP) to strengthen your wands.


Message History

Vehumet accepts your kill.
You hear a splash.
You resist. The blast of lightning engulfs you!
* * * LOW HITPOINT WARNING * * *
The blast of lightning engulfs your ball lightning.
Your ball lightning completely resists.
The merfolk avatar chants its luring song.
You feel better.
Your ball lightning explodes!
You resist. The blast of lightning engulfs you!
* * * LOW HITPOINT WARNING * * *
The blast of lightning engulfs your ball lightning.
Your ball lightning completely resists.
The blast of lightning engulfs the snapping turtle!
The snapping turtle is severely wounded.
The merfolk throws a stone.
You block the stone.
The merfolk avatar chants its luring song.
Your ball lightning explodes!
You resist. The blast of lightning engulfs you!
You die...

.≈≈≈≈≈≈≈# ..≈##≈≈≈≈≈....≈
....≈≈≈≈# ≈≈..≈#≈≈.....#
........# ≈#..#≈......#
........# ≈ ##≈..#.......#
........#≈.≈≈#≈.#.#.......##.
........#≈..#≈....#..........
........##≈...#..#...........
.........##≈.).≈#≈...........
..........######@)...(.......
................)).)m........
................t))..........
...≈≈....m...≈≈.≈<<..........
≈≈≈≈≈...........≈..≈≈...≈≈≈..
≈≈≈≈≈............(≈≈≈≈≈≈≈≈≈.≈
≈≈≈≈≈.............≈≈≈≈≈.≈≈.≈≈
≈≈≈≈≈≈≈≈.........≈≈≈≈..≈≈≈≈≈≈
≈≈≈.≈≈≈..........≈≈(≈≈≈≈≈≈≈≈


You could see a merfolk avatar, a snapping turtle and a merfolk.

Vanquished Creatures
  Frances (D:12)
  2 deep elf master archers (Elf:3)
  2 krakens
  2 deep elf blademasters (Elf:3)
  Roxanne (Elf:3)
  Louise (Elf:1)
  3 deep elf sorcerers (Elf:3)
  An orc warlord (Orc)
  5 deep elf elementalists
  Nessos (Orc)
  5 deep elf demonologists
  6 deep elf annihilators (Elf:3)
  11 deep elf death magi
  Urug (Lair:6)
  4 merfolk impalers
  Harold (D:8)
  A fire dragon (D:12)
  2 deep elf high priests (Elf:3)
  5 hydras
  An ice dragon (D:12)
  A vault guard (D:11)
  4 merfolk aquamancers (Shoals:3)
  An ogre mage (D:11)
  An alligator snapping turtle (Shoals:2)
  A merfolk avatar (Shoals:1)
  An alligator (Lair:6)
  4 satyrs
  5 two-headed ogres
  2 tengu warriors (D:12)
  10 dancing weapons
  An orc high priest (Orc)
  4 sea snakes
  10 deep elf knights
  Nergalle (Lair:1)
  2 centaur warriors
  8 deep elf archers
  4 cyclopes
  5 orc knights
  3 wolf spider zombies
  3 ugly things
  4 oklob plants (Lair:6)
  55 deep elf magi
  8 manticores
  3 orc sorcerers (Orc)
  11 fauns
  11 elephants
  An ice statue (Shoals:1)
  4 black mambas
  3 water nymphs
  A guardian serpent (shapeshifter) (Elf:2)
  8 merfolk sirens
  2 gargoyles
  9 cane toads
  A rime drake (shapeshifter) (D:12)
  A rime drake (Lair:3)
  9 komodo dragons
  3 tengu conjurers (Elf:1)
  20 merfolk
  7 polar bears
  7 slime creatures
  5 trolls
  Grinder (D:6)
  4 hornets
  9 hippogriffs
  4 wind drakes
  19 dream sheep
  17 blink frogs
  2 harpy skeletons (D:11)
  8 snapping turtles
  13 spriggans (Lair:6)
  4 wyverns
  14 yaks
  4 water elementals
  Grum (D:8)
  4 air elementals
  A shadow (D:11)
  2 vampires
  A basilisk (Lair:2)
  6 fire elementals
  A golden eye (shapeshifter) (D:11)
  4 vampire mosquitoes
  3 wargs (Orc)
  10 crocodiles
  14 water moccasins
  2 acid dragons
  4 nagas (Lair:2)
  3 ice beasts
  12 porcupines
  7 black bears
  2 sky beasts (D:8)
  2 soldier ants
  30 orc warriors
  3 phantoms
  A cane toad skeleton (D:10)
  An ice beast (shapeshifter) (D:10)
  2 necrophages
  38 wolves
  4 boggarts (Lair:6)
  11 ogres
  12 bullfrogs
  3 kobold brigands
  An earth elemental (Elf:2)
  4 gnoll sergeants (D:9)
  A water moccasin zombie (D:9)
  9 scorpions
  7 centaurs
  8 killer bees
  3 wights (D:6)
  17 orc priests
  A vampire bat (Orc)
  2 howler monkeys
  2 crimson imps
  10 hounds
  2 jellies (Orc)
  31 orc wizards
  2 bullfrog skeletons
  4 iguanas
  6 hell rats (Lair:3)
  11 worker ants
  A hound zombie (D:7)
  A hound skeleton (D:6)
  A howler monkey zombie (D:9)
  9 gnolls
  15 adders
  4 shadow imps
  An ooze (D:1)
  2 adder zombies
  An adder skeleton (D:6)
  6 dart slugs
  2 worms
  5 leopard geckos
  76 orcs
  A ball python (D:2)
  12 bats
  3 giant cockroaches
  3 goblins
  11 hobgoblins
  20 jackals
  33 kobolds
  3 quokkas
  7 frilled lizards
  3 jackal zombies
  4 rats
  2 fungi (D:8)
  31 plants
  5 tentacles
966 creatures vanquished.

Vanquished Creatures (collateral kills)
  2 ball lightnings (Elf:3)
2 creatures vanquished.

Vanquished Creatures (others)
  A merfolk impaler (Shoals:3)
  A sea snake (Shoals:2)
  A centaur warrior (D:11)
  2 cyclopes (D:12)
  2 snapping turtles
  A centaur (D:11)
  244 ball lightnings
  20 fungi
  24 plants
  8 tentacles
304 creatures vanquished.

Grand Total: 1272 creatures vanquished

Notes
Turn   | Place    | Note
-------+----------+-------------------------------------------
     0 | D:1      | foxfromabyss the Fairy Air Elementalist began the quest for
                  | the Orb.
     0 | D:1      | Reached XP level 1. HP: 11/11 MP: 6/6
   182 | D:1      | Reached XP level 2. HP: 15/17 MP: 8/8
   207 | D:1      | Reached skill level 4 in Air Magic
   298 | D:1      | Reached XP level 3. HP: 15/21 MP: 10/10
   918 | D:2      | Reached XP level 4. HP: 18/27 MP: 12/12
   924 | D:2      | Reached skill level 5 in Air Magic
  1024 | D:2      | Learned a level 2 spell: Shock
  1027 | D:2      | Learned a level 2 spell: Swiftness
  1031 | D:2      | Learned a level 3 spell: Mephitic Cloud
  1036 | D:2      | Learned a level 4 spell: Lightning Bolt
  1308 | D:2      | Reached XP level 5. HP: 24/31 MP: 13/13
  1449 | D:3      | Found a glowing golden altar of the Shining One.
  1502 | D:3      | Reached skill level 5 in Spellcasting
  1683 | D:3      | Reached XP level 6. HP: 36/36 MP: 10/15
  2311 | D:4      | Found a staircase to the Ecumenical Temple.
  2322 | Temple   | Entered the Ecumenical Temple
  2558 | D:4      | Got a warped marble ring
  2560 | D:4      | Identified the ring "Olyal" {+Fly rF+ Int-3 Dex+3} (You
                  | found it on level 4 of the Dungeon)
  2685 | D:4      | Reached skill level 6 in Air Magic
  2963 | D:4      | Found Voimilan's Antique Armour Shoppe.
  3130 | D:4      | Reached XP level 7. HP: 41/41 MP: 12/17
  3574 | D:5      | Entered Level 5 of the Dungeon
  4003 | D:5      | Reached skill level 7 in Air Magic
  4119 | D:5      | Reached skill level 5 in Conjurations
  4119 | D:5      | Reached XP level 8. HP: 35/46 MP: 15/20
  5144 | D:6      | Reached skill level 8 in Air Magic
  5304 | D:6      | Reached skill level 9 in Air Magic
  5304 | D:6      | Reached XP level 9. HP: 48/51 MP: 19/23
  5475 | D:6      | Noticed Grinder
  5478 | D:6      | Killed Grinder
  6066 | D:7      | Found a snail-covered altar of Cheibriados.
  6198 | D:7      | Reached skill level 10 in Air Magic
  6307 | D:7      | Found the +6 Scorpio {venom, beckon}
  6622 | D:7      | Reached skill level 1 in Fighting
  6971 | D:8      | Reached XP level 10. HP: 46/60 MP: 20/24
  6978 | D:8      | Reached skill level 11 in Air Magic
  6990 | D:8      | Reached skill level 5 in Dodging
  7005 | D:8      | Noticed a centaur warrior
  7009 | D:8      | Killed a centaur warrior
  7010 | D:8      | Reached skill level 10 in Conjurations
  7106 | D:8      | Found a staircase to the Lair.
  7150 | D:8      | Noticed Grum
  7154 | D:8      | Killed Grum
  7383 | D:8      | Noticed Harold
  7400 | D:8      | Killed Harold
  7401 | D:8      | Reached skill level 5 in Fighting
  7640 | D:8      | Found Reolouti's Assorted Antiques.
  7649 | D:8      | Bought a faintly glowing copper ring for 150 gold pieces
  7655 | D:8      | Identified the ring "Qouxytad" {+Fly rElec rC+ Stlth++}
                  | (You bought it in a shop on level 8 of the Dungeon)
  7675 | D:8      | Found an iron altar of Okawaru.
  7921 | D:8      | Reached XP level 11. HP: 72/72 MP: 21/25
  8303 | Temple   | Became a worshipper of Vehumet
  8429 | Lair:1   | Entered Level 1 of the Lair of Beasts
  8558 | Lair:1   | Noticed Nergalle
  8563 | Lair:1   | Reached skill level 10 in Dodging
  8610 | Lair:1   | Killed Nergalle
  8735 | Lair:1   | Noticed a five-headed hydra
  8743 | Lair:1   | Killed a five-headed hydra
  8926 | Lair:1   | Reached * piety under Vehumet
  8926 | Lair:1   | Offered knowledge of Flame Tongue by Vehumet.
  9084 | Lair:1   | Reached skill level 12 in Air Magic
  9345 | Lair:2   | Found a staircase to the Snake Pit.
  9380 | Lair:2   | Reached XP level 12. HP: 81/81 MP: 20/26
  9606 | Lair:2   | Found a staircase to the Shoals.
  9616 | Lair:2   | Reached skill level 13 in Air Magic
 10223 | Lair:3   | Reached ** piety under Vehumet
 10306 | Lair:3   | Offered knowledge of Searing Ray by Vehumet.
 10667 | Lair:3   | Reached skill level 14 in Air Magic
 10770 | Lair:3   | Offered knowledge of Conjure Flame by Vehumet.
 11404 | Lair:4   | Gained mutation: You do not regenerate when monsters are
                  | visible. [potion of mutation]
 11404 | Lair:4   | Gained mutation: Your muscles are strong. (Str +2) [potion
                  | of mutation]
 11405 | Lair:4   | Lost mutation: You do not regenerate when monsters are
                  | visible. [potion of mutation]
 11405 | Lair:4   | Lost mutation: Your muscles are strong. (Str +2) [potion of
                  | mutation]
 11405 | Lair:4   | Gained mutation: You are agile. (Dex +2) [potion of
                  | mutation]
 11405 | Lair:4   | Gained mutation: You have very sharp teeth. [potion of
                  | mutation]
 11405 | Lair:4   | Gained mutation: You expend magic power (3 MP) to
                  | strengthen your wands. [potion of mutation]
 11714 | Lair:4   | Reached *** piety under Vehumet
 11741 | Lair:4   | Reached XP level 13. HP: 85/86 MP: 24/27
 12046 | Lair:5   | Reached skill level 15 in Air Magic
 12189 | Lair:5   | Offered knowledge of Airstrike by Vehumet.
 12347 | Lair:5   | Found a staircase to the Elven Halls.
 12353 | Lair:5   | Learned a level 4 spell: Airstrike
 12376 | Lair:5   | Reached skill level 15 in Conjurations
 13028 | Lair:6   | Entered Level 6 of the Lair of Beasts
 13028 | Lair:6   | Noticed Urug
 13030 | Lair:6   | Killed Urug
 13043 | Lair:6   | Reached **** piety under Vehumet
 13229 | Lair:6   | Offered knowledge of Fulminant Prism by Vehumet.
 13230 | Lair:6   | Reached skill level 16 in Air Magic
 13863 | Lair:6   | Reached XP level 14. HP: 92/92 MP: 14/28
 14049 | Lair:6   | Reached ***** piety under Vehumet
 14221 | Lair:6   | Offered knowledge of Irradiate by Vehumet.
 14228 | Lair:6   | Learned a level 5 spell: Irradiate
 15302 | D:9      | Reached skill level 1 in Evocations
 15537 | D:9      | Reached skill level 17 in Air Magic
 15600 | D:9      | Found a staircase to the Orcish Mines.
 15888 | D:9      | Found a shimmering blue altar of Sif Muna.
 16131 | D:10     | Entered Level 10 of the Dungeon
 16504 | D:10     | Reached skill level 10 in Spellcasting
 17453 | D:11     | Reached skill level 1 in Shields
 17524 | D:11     | Found a gate to the Vaults.
 17884 | D:11     | Got a twisted hand axe
 17886 | D:11     | Identified the +6 hand axe of Xauryixi {pain, rElec rF+ rC+
                  | Str-4} (You found it on level 11 of the Dungeon)
 18236 | D:12     | Entered Level 12 of the Dungeon
 18324 | D:12     | Noticed Frances
 18332 | D:12     | Killed Frances
 18332 | D:12     | Offered knowledge of Iron Shot by Vehumet.
 18495 | D:12     | Reached XP level 15. HP: 101/101 MP: 20/31
 18724 | D:12     | Reached skill level 5 in Evocations
 18917 | D:12     | Found a staircase to the Depths.
 19672 | Elf:1    | Entered Level 1 of the Elven Halls
 19699 | Elf:1    | Noticed Louise
 19717 | Elf:1    | Reached skill level 5 in Shields
 19786 | Elf:1    | Killed Louise
 20061 | Elf:1    | Identified Sif Muna's Tome of Augmentations and the Compass
 20293 | Elf:1    | Learned a level 6 spell: Iron Shot
 20302 | Elf:1    | Learned a level 8 spell: Tornado
 20497 | Elf:2    | Noticed a deep elf elementalist
 20501 | Elf:2    | Identified the +6 spear "Gaumyt" {pierce, rF+}
 20510 | Elf:2    | Reached skill level 1 in Earth Magic
 20512 | Elf:2    | Killed a deep elf elementalist
 20513 | Elf:2    | Reached skill level 1 in Translocations
 21004 | Elf:1    | Identified Raor's Reference Book on the Escort
 21650 | Orc      | Entered the Orcish Mines
 21772 | Orc      | Noticed an orc warlord
 21882 | Orc      | Killed an orc warlord
 22073 | Orc      | Reached skill level 10 in Fighting
 22119 | Orc      | Found a roughly hewn altar of Beogh.
 22178 | Orc      | Found Wussahyl's General Store.
 22188 | Orc      | Found Bithidde's Antique Armour Shop.
 22203 | Orc      | Found Dilaz's Antique Weapon Shop.
 22222 | Orc      | Found a viscous altar of Jiyva.
 22225 | Orc      | Found a staircase to the Slime Pits.
 22234 | Orc      | Reached XP level 16. HP: 109/109 MP: 34/34
 22334 | Orc      | Noticed Nessos
 22344 | Orc      | Killed Nessos
 22849 | Orc      | Found Pitaon's Book Shop.
 22859 | Orc      | Bought a book of the Tempests for 1050 gold pieces
 22867 | Orc      | Learned a level 6 spell: Conjure Ball Lightning
 23159 | Elf:1    | Reached ****** piety under Vehumet
 23161 | Elf:1    | Offered knowledge of Venom Bolt by Vehumet.
 23549 | Elf:2    | Reached skill level 5 in Earth Magic
 23699 | Elf:2    | Found a runed gate.
 23758 | Elf:2    | Found a runed gate.
 23760 | Elf:2    | Found a runed gate.
 23906 | Elf:2    | Found Cach's Book Shoppe.
 24041 | Elf:3    | Entered Level 3 of the Elven Halls
 24046 | Elf:3    | Reached skill level 5 in Translocations
 24992 | Elf:3    | Noticed Roxanne
 25067 | Elf:3    | Killed Roxanne
 25068 | Elf:3    | Identified Roxanne's Handbook of Earth (You took it off
                  | Roxanne on level 3 of the Elven Halls)
 25285 | Elf:3    | Identified the Papyrus of Creative Damage Dealing
 25799 | Elf:3    | Reached skill level 10 in Shields
 25963 | Elf:3    | Noticed a deep elf blademaster
 25969 | Elf:3    | Killed a deep elf blademaster
 25970 | Elf:3    | Reached XP level 17. HP: 92/115 MP: 26/35
 26058 | Elf:3    | Identified the +5 short sword of the Well-Known Realms
                  | {pain, +Rage rF+++ rC- Str-2}
 26082 | Elf:3    | Reached skill level 18 in Air Magic
 26160 | Elf:3    | Noticed a deep elf master archer
 26168 | Elf:3    | Killed a deep elf master archer
 26168 | Elf:3    | Offered knowledge of Lee's Rapid Deconstruction by Vehumet.
 26262 | Elf:3    | Noticed a deep elf blademaster
 26268 | Elf:3    | Killed a deep elf blademaster
 26271 | Elf:3    | Killed a ghostly deep elf blademaster
 26275 | Elf:3    | Reached skill level 10 in Translocations
 27106 | Elf:3    | Identified the +3 scale mail "Tonguumy" {rElec Str-5
                  | Stlth+}
 27106 | Elf:3    | Identified the ring of the Open Hand {*Corrode rC+ rN+++
                  | SInv Stlth+}
 27106 | Elf:3    | Noticed a deep elf master archer
 27127 | Elf:3    | Killed a deep elf master archer
 27129 | Elf:3    | Identified the +7 dagger "Bopul" {freeze, Dex+3}
 27708 | Elf:3    | Got an encrusted cloak
 27722 | Elf:3    | Identified the +2 cloak of a sewer {Dex+2} (You found it on
                  | level 3 of the Elven Halls)
 27737 | Elf:3    | Identified the Tome of Summoning
 27742 | Elf:3    | Identified the Compendium of Mutagenic Augmentations
 29117 | Shoals:1 | Entered Level 1 of the Shoals
 29141 | Shoals:1 | Reached skill level 19 in Air Magic
 29418 | Elf:2    | Bought a book of Minor Magic for 360 gold pieces
 29421 | Elf:2    | Learned a level 2 spell: Blink
 29862 | Shoals:1 | Noticed a kraken
 29867 | Shoals:1 | Killed a kraken
 29996 | Shoals:1 | Offered knowledge of Mana Rupture by Vehumet.
 30052 | Shoals:1 | Reached XP level 18. HP: 109/120 MP: 31/36
 30984 | Shoals:2 | Found the brooch of Shielding {Reflect SH+8}
 31855 | Shoals:3 | Entered Level 3 of the Shoals
 31861 | Shoals:3 | Reached skill level 20 in Air Magic
 32198 | Shoals:3 | HP: 5/120 [ball lightning[the player character] (13)]
 32199 | Shoals:3 | HP: 2/120 [ball lightning[the player character] (13)]
 32199 | Shoals:3 | Killed by an exploding ball lightning

Skill      XL: |  1  2  3  4  5  6  7  8  9 10 11 12 13 14 15 16 17 18 |
---------------+-------------------------------------------------------+-----
Spellcasting   | 3 4 5 6 8 10 12 | 12.0
Air Magic      | 4 5 6 7 9 10 11 12 14 16 17 19 20 | 20.2
Conjurations   | 2 3 5 7 9 10 11 14 15 16 | 16.0
Dodging        | 4 8 10 12 | 12.3
Fighting       | 1 5 7 9 10 | 10.0
Evocations     | 4 6 7 |  7.1
Shields        | 3 6 10 | 10.0
Earth Magic    | 3 7 |  7.0
Translocations | 2 8 11 13 | 13.1
Stealth        | |  1.6
Charms         | |  1.0

Action                   |  1- 3 |  4- 6 |  7- 9 | 10-12 | 13-15 | 16-18 || total
-------------------------+-------+-------+-------+-------+-------+-------++-------
Melee: Unarmed           |    12 |       |       |       |       |       ||    12
       Whip              |       |    14 |     1 |       |       |       ||    15
       Flail             |       |       |    32 |    17 |       |       ||    49
       Short sword       |       |       |       |       |    17 |     3 ||    20
       Bite              |       |       |       |       |     2 |     1 ||     3
       Staff             |       |       |       |       |       |     2 ||     2
 Cast: Static Discharge  |    51 |    42 |    29 |    59 |    72 |     9 ||   262
       Shock             |       |   107 |   221 |   360 |   471 |    45 ||  1204
       Lightning Bolt    |       |       |     7 |    27 |   177 |    55 ||   266
       Mephitic Cloud    |       |       |     2 |     4 |     2 |       ||     8
       Airstrike         |       |       |       |       |   216 |   190 ||   406
       Swiftness         |       |       |       |       |     3 |       ||     3
       Irradiate         |       |       |       |       |     3 |     1 ||     4
       Iron Shot         |       |       |       |       |     7 |    16 ||    23
       Conjure Ball Ligh |       |       |       |       |       |    98 ||    98
       Tornado           |       |       |       |       |       |    20 ||    20
       Blink             |       |       |       |       |       |     2 ||     2
  Use: Scroll            |       |     2 |     7 |     5 |     9 |     7 ||    30
       Potion            |       |       |       |     6 |       |     6 ||    12
  Eat: Chunk             |       |     9 |    15 |    19 |    40 |    27 ||   110
       Ration            |       |       |       |       |     1 |     2 ||     3
Armor: Skin              |    12 |    14 |    33 |    29 |    41 |    14 ||   143
Dodge: Dodged            |    41 |    49 |    82 |   153 |   262 |   166 ||   753
Block: Other             |    10 |    14 |    37 |    37 |    36 |    49 ||   183
       Buckler           |       |       |       |       |   119 |    68 ||   187
       Reflection        |       |       |       |       |    12 |       ||    12
